 Dungeon Sprint DCSS version 0.21.1-1-g345015f (webtiles) character file.

78 Fang the Skirmisher (level 4, -3/70 HPs)
             Began as a Minotaur Berserker on Apr 27, 2018.
             Was a Follower of Trog.
             Slain by a troll (13 damage)
             ... in the Dungeon (Sprint V: "Ziggurat Sprint").
             The game lasted 00:00:36 (87 turns).

Fang the Skirmisher (Minotaur Berserker)              Turns: 87, Time: 00:00:37

Health: -3/70      AC: 16    Str: 33    XL:     4   Next: 15%
Magic:  3/3        EV: 10    Int:  4    God:    Trog [*.....]
Gold:   0          SH:  0    Dex: 10    Spells: 3/3 levels left

rFire    . . .     SeeInvis .   l - +5 demon trident
rCold    . . .     Gourm    .   (no shield)
rNeg     . . .     Faith    .   j - +5 shadow dragon scales
rPois    .         Spirit   .   (helmet restricted)
rElec    .         Reflect  .   (no cloak)
rCorr    .         Harm     .   (no gloves)
MR       .....     NoTele   +   (no boots)
Stlth    ..........             (no amulet)
HPRegen  0.21/turn              G - ring of flight
MPRegen  0.08/turn              F - +6 ring of strength

@: berserking (expiring), very quick
A: retaliatory headbutt, horns 2
a: Berserk, Burn Spellbooks, Renounce Religion, Evoke Flight


You were in the Dungeon.
You worshipped Trog.
Trog was aware of your devotion.
You were not hungry.

You visited 1 branch

Inventory:

Hand Weapons
 k - a +5 executioner's axe
 l - a +5 demon trident (weapon)
Armour
 j - +5 shadow dragon scales (worn)
Jewellery
 F - a +6 ring of strength (right hand)
 G - a ring of flight (left hand)
Wands
 x - a wand of disintegration (7)
 y - a wand of iceblast (7)
 z - a wand of acid (7)
Scrolls
 i - 4 scrolls of blinking
 m - 7 scrolls of fog
 n - a scroll of holy word
 o - 5 scrolls of identify
 p - 5 scrolls of remove curse
 q - 2 scrolls of fear
Potions
 d - 10 potions of curing
 e - 10 potions of heal wounds
 f - 6 potions of haste
 g - 7 potions of magic
 h - 3 potions of berserk rage
 r - 2 potions of brilliance
 s - 2 potions of invisibility
 t - 4 potions of resistance
 u - a potion of experience
 v - 5 potions of agility
 w - 5 potions of might
Comestibles
 c - 7 rations


   Skills:
 + Level 7.0 Fighting
 + Level 7.0(7.1) Axes
 + Level 1.0(4.5) Polearms
 + Level 4.1 Armour
 + Level 3.5 Dodging


You had 3 spell levels left.
You didn't know any spells.

Dungeon Overview and Level Annotations

Branches:
Dungeon (1/1)

Altars:
Ashenzari
Cheibriados
Dithmenos
Elyvilon
Fedhas
Gozag
Hepliaklqana
Kikubaaqudgha
Makhleb
Nemelex Xobeh
Okawaru
Qazlal
Ru
Sif Muna
Trog
Uskayaw
Vehumet
Wu Jian
Xom
Yredelemnul
Zin
The Shining One
Beogh
Jiyva
Lugonu

Annotations:
D 1 transporter


Innate Abilities, Weirdness & Mutations

You reflexively headbutt those who attack you in melee.
You have a pair of horns on your head.


Message History

The troll barely misses you.
Unknown command.
The troll bites you. The troll claws you but does no damage.
The troll barely misses you.
Things that are here:
a giant spiked club; an ogre corpse You puncture the troll!
Your headbutt misses the troll.
The troll is moderately wounded.
You closely miss the troll. You headbutt the troll!!
The troll is almost dead.
The troll bites you!
* * * LOW HITPOINT WARNING * * *
The troll claws you but does no damage. x2
You barely miss the troll. Your headbutt misses the troll.
The troll is almost dead.
The troll bites you but does no damage.
The troll claws you but does no damage. x2
You barely miss the troll. Your headbutt misses the troll.
The troll is almost dead.
The troll bites you!
You die...

▓▓▓▓▓▓▓
▓.8©8.▓
▓.....▓
▓.[.?.▓
▓.....▓
▓.T@..▓
▓..©..▓
▓▓▓▓▓▓▓


You could see a troll.

Vanquished Creatures
  An ogre (D)
1 creature vanquished.

Notes
Turn   | Place    | Note
-------+----------+-------------------------------------------
     0 | D        | Found the +6 Majin-Bo {vamp, Archmagi MP+6 Int+6}
     0 | D        | Found the +7 great mace "Firestarter" {inner flame, rF++}
     0 | D        | Fang the Minotaur Berserker began the quest for the Orb.
     0 | D        | Reached XP level 1. HP: 19/19 MP: 0/0
     3 | D        | Found a blossoming altar of Fedhas.
     4 | D        | Found a viscous altar of Jiyva.
     4 | D        | Found a hazy altar of Hepliaklqana.
     4 | D        | Found a transporter.
     4 | D        | Found an opulent altar of Gozag.
     4 | D        | Found an ancient bone altar of Kikubaaqudgha.
     4 | D        | Found a corrupted altar of Lugonu.
    10 | D        | Found a burning altar of Makhleb.
    13 | D        | Found a sacrificial altar of Ru.
    13 | D        | Found a deep blue altar of Sif Muna.
    13 | D        | Found a stormy altar of Qazlal.
    13 | D        | Found a bloodstained altar of Trog.
    13 | D        | Found an iron altar of Okawaru.
    13 | D        | Found a sparkling altar of Nemelex Xobeh.
    77 | D        | Entered arena 2.
    77 | D        | Noticed a troll
    77 | D        | Noticed an ogre
    77 | D        | Found a transporter.
    82 | D        | Killed an ogre
    82 | D        | Reached skill level 1 in Polearms
    82 | D        | Reached XP level 2. HP: 27/34 MP: 1/1
    82 | D        | Reached XP level 3. HP: 30/39 MP: 2/2
    82 | D        | Reached XP level 4. HP: 37/47 MP: 3/3
    87 | D        | Slain by a troll

Skill      XL: |  1 |
---------------+----+-----
Fighting       | 7 |  7.0
Axes           | 7 |  7.0
Polearms       | 1 |  1.0
Armour         | 4 |  4.1
Dodging        | 3 |  3.5

Action                   |  1- 3 |  4- 6 || total
-------------------------+-------+-------++-------
Melee: Demon trident     |     4 |     4 ||     8
       Headbutt          |     1 |     1 ||     2
Invok: Berserk           |     1 |       ||     1
Armor: Shadow dragon sca |     2 |     7 ||     9
Dodge: Dodged            |     2 |     2 ||     4
